 Dungeon Crawl Stone Soup version 0.30.0-19-g36f170ea60 (webtiles) character file.

Game seed: 6856927552025922669

51432 Aldia the Brawler (level 14, -4/150 HPs)
             Began as a Troll Chaos Knight on May 26, 2023.
             Was the Champion of Wu Jian.
             Slain by a death yak (12 damage)
             ... while petrified by a catoblepas
             ... on level 5 of the Lair of Beasts on May 27, 2023.
             The game lasted 00:24:22 (12079 turns).

Aldia the Brawler (Troll Chaos Knight)             Turns: 12079, Time: 00:24:23

Health: -4/150     AC:  8    Str: 24    XL:     14   Next: 23%
Magic:  11/11      EV:  1    Int: 10    God:    Wu Jian [******]
Gold:   1190       SH:  0    Dex: 21    Spells: 13/13 levels left

rFire   . .          .
                       - Unarmed
rCold   . . .        J - +0 kite shield
rNeg    + + +        g - +2 robe {Will+}
rPois   ∞            R - +2 hat {Int+3}
rElec   .            H - +0 cloak
rCorr   .            (gloves unavailable)
SInv    .            (boots unavailable)
Will    +++..        q - amulet of regeneration
Stlth   ++           m - +4 ring of slaying
HPRegen 2.05/turn    t - +6 ring of dexterity
MPRegen 0.12/turn

%: no passive effects
@: petrified, slowed
A: large, unfitting armour, claws 3, regeneration 1, shaggy fur 1, tough skin 1,
agile 1, deformed body, low MP 1, strong-willed 1, screaming 1
a: Renounce Religion, Wall Jump, Serpent's Lash, Heavenly Storm


You were on level 5 of the Lair of Beasts.
You worshipped Wu Jian.
Wu Jian was exalted by your worship.
You visited 3 branches of the dungeon, and saw 16 of its levels.
You also visited: Bailey.

You collected 1360 gold pieces.
You spent 170 gold pieces at shops.

Inventory:

Hand Weapons
 p - a +1 broad axe of flaming
 x - the +9 spear of the Many Planets {flame, rC+ rN+ rCorr Int+4}
   (You found it on level 4 of the Dungeon)

   Int:       It affects your intelligence (+4).
   rC:        It protects you from cold.
   rN:        It protects you from negative energy.
   rCorr:     It protects you from acid and corrosion.
Missiles
 f - 13 boomerangs
 G - 4 large rocks (quivered)
 O - 4 silver javelins
Armour
 g - a +2 robe of willpower (worn)
 y - +0 swamp dragon scales
 H - a +0 cloak (worn)
 I - +1 shadow dragon scales
 J - a +0 kite shield (worn)
 M - a +0 troll leather armour
 P - a +2 robe of cold resistance
 R - a +2 hat of intelligence (worn)
Jewellery
 m - a +4 ring of slaying (left claw)
 o - a ring of fire
 q - an amulet of regeneration (around neck)
 r - a ring of resist corrosion
 t - a +6 ring of dexterity (right claw)
 A - a ring of see invisible
 C - an amulet of reflection
 D - a ring of positive energy
Wands
 a - a wand of mindburst (15)
 v - a wand of paralysis (31)
 L - a wand of flame (6)
 T - a wand of digging (2)
 U - a wand of light (3)
Scrolls
 c - 14 scrolls of teleportation
 e - 2 scrolls of amnesia
 l - 4 scrolls of enchant weapon
 n - 11 scrolls of identify
 w - 2 scrolls of brand weapon
 z - a scroll of vulnerability
 B - a scroll of immolation
 E - 2 scrolls of fear
 Q - a scroll of blinking
Potions
 d - 6 potions of heal wounds
 h - 2 potions of invisibility
 i - 4 potions of haste
 j - 3 potions of might
 k - 6 potions of brilliance
 s - a potion of cancellation
 u - 4 potions of magic
 F - a potion of berserk rage
 K - 5 potions of curing
 N - 2 potions of attraction
 V - a potion of mutation
Miscellaneous
 b - a piece from Xom's chessboard (15/15)
 S - a phial of floods


   Skills:
 + Level 12.4 Fighting
 - Level 6.0 Throwing
 - Level 7.0 Dodging
 + Level 10.2 Shields
 - Level 15.0 Unarmed Combat


You had 13 spell levels left.
You didn't know any spells.
Your spell library contained the following spells:

 Spells                   Type           Power      Damage    Failure   Level
 Foxfire                  Conj/Fire      0%         2x1d4     54%         1
 Magic Dart               Conj           0%         1d3       54%         1
 Shock                    Conj/Air       0%         1d3       54%         1
 Call Imp                 Summ           0%         N/A       69%         2
 Scorch                   Fire           0%         2d5       69%         2
 Call Canine Familiar     Summ           0%         N/A       89%         3
 Frozen Ramparts          Ice            0%         1d1       89%         3
 Ignite Poison            Fire/Tmut/Pois 0%         N/A       89%         3
 Mephitic Cloud           Conj/Pois/Air  0%         N/A       89%         3
 Ozocubu's Armour         Ice            0%         N/A       89%         3
 Portal Projectile        Hex/Tloc       0%         N/A       89%         3
 Swiftness                Air            0%         N/A       89%         3
 Airstrike                Air            0%         2d(0-16)  100%        4
 Ice Form                 Ice/Tmut       0%         N/A       100%        4
 Leda's Liquefaction      Hex/Erth       0%         N/A       100%        4
 Sticky Flame             Conj/Fire      0%         2d3       100%        4
 Summon Ice Beast         Ice/Summ       0%         N/A       100%        4
 Fireball                 Conj/Fire      0%         3d3       100%        5
 Iskenderun's Battlesphe  Conj           0%         2d6       100%        5
 Metabolic Englaciation   Hex/Ice        0%         N/A       100%        5
 Conjure Ball Lightning   Conj/Air       0%         3x3d6     100%        6
 Plasma Beam              Fire/Air       0%         2x1d11    100%        6
 Simulacrum               Ice/Necr       0%         N/A       100%        6
 Starburst                Conj/Fire      0%         6d3       100%        6
 Orb of Destruction       Conj           0%         9d5       100%        7
 Ignition                 Fire           0%         3d3       100%        8


Dungeon Overview and Level Annotations

Branches:
Dungeon (10/15)            Temple (1/1) D:6            Lair (5/5) D:8
 Shoals (0/4) Lair:2        Snake (0/4) Lair:2        Slime (0/5) Lair:5
    Orc (0/2) D:9          Bailey (visited)

Altars:
Ashenzari
Cheibriados
Dithmenos
Elyvilon
Fedhas
Gozag
Hepliaklqana
Kikubaaqudgha
Makhleb
Nemelex Xobeh
Okawaru
Qazlal
Ru
Sif Muna
Trog
Uskayaw
Vehumet
Wu Jian
Xom
Yredelemnul
Zin
The Shining One

Shops:
D:7 *   D:9 [

Portals:
Abyss: Lair:4

Annotations:
Lair:4 2 transporters, Fifowuza's ghost, journeyman DrTm


Innate Abilities, Weirdness & Mutations

You are too large for most types of armour.
You have claws for hands.
Your natural rate of healing is unusually fast.
You are covered in fur. (AC +1)
You have tough skin. (AC +1)
You are agile. (Dex +4, Str/Int -1)
Armour fits poorly on your strangely shaped body.
Your magical capacity is low. (-10% MP)
You are strong-willed. (Will+)
You occasionally shout uncontrollably at your foes.


Message History

You spin and attack the death yak.
You scratch the death yak.
The death yak is lightly wounded.
The catoblepas breathes a plume of calcifying dust at you.
The blast of calcifying dust hits the death yak!
The blast of calcifying dust hits you.
The death yak is engulfed in calcifying dust.
The death yak is moving more slowly.
The death yak gores you!
The dream sheep shake their wool and sparkle.
You feel drowsy...
You can't fall asleep in your current state!
The death yak is engulfed in calcifying dust.
The death yak stops moving altogether!
You block the death yak's attack.
You have turned to stone.
You are engulfed in calcifying dust.
The dream sheep is no longer petrified.
The death yak is engulfed in calcifying dust.
The catoblepas gores you!!
* * * LOW HITPOINT WARNING * * *
The death yak gores you!!
* * * LOW HITPOINT WARNING * * *
You are engulfed in calcifying dust.
The death yak gores you!
* * * LOW HITPOINT WARNING * * *
The catoblepas gores you but does no damage.
The death yak is engulfed in calcifying dust.
You are engulfed in calcifying dust.
The catoblepas gores you. The death yak gores you!
* * * LOW HITPOINT WARNING * * *
You are engulfed in calcifying dust.
The death yak gores you but does no damage.
The catoblepas gores you!!
* * * LOW HITPOINT WARNING * * *
You are engulfed in calcifying dust.
The catoblepas gores you but does no damage.
The death yak gores you but does no damage.
The death yak gores you!
* * * LOW HITPOINT WARNING * * *
The catoblepas gores you!
* * * LOW HITPOINT WARNING * * *
The catoblepas gores you but does no damage.
The death yak gores you!!
You die...
Xom guffaws!

.....P......#*,,,,,*****,,*#.....
............#*,,,,,*,,,*,,,#.....
..###.......#**,****,,,#.,,##....
###.##.....## *#####,,...,,*#....
#....#.....# #..P###.#,,**#####
...(##.....#####...#.....,* ##...
...)##......##.......#...,* #....
..(.##......###..Y#.....*,* #....
....##.....###..@YYY#,,,,** ####.
#....#.....###..#Y#.#,,*** ##..
###.##.....##...#wy.#*,* ###.#.
..###.......#P..#...!### #.....
...........##...#...##.# #.....
.....P.....###..#####..## ##....
#..........###......#...### #....
##..........###...........# #....
.###..÷.....##............# #..#.


You could see 2 death yaks, a catoblepas, a torpor snail, a hornet and 2 dream
sheep.

Vanquished Creatures
  Gastronok (Lair:2)
  An orc warlord (Bailey)
  3 hydras
  Erica (D:10)
  2 boulder beetles
  A two-headed ogre (D:8)
  4 death yaks (Lair:5)
  Nergalle (Lair:3)
  Sonja (Lair:3)
  2 skysharks (Lair:5)
  3 harpies (Lair:2)
  An orc knight (Bailey)
  A manticore (Lair:5)
  A wolf spider (Lair:5)
  8 black mambas
  Joseph (D:7)
  A guardian serpent (Lair:5)
  6 elephants (Lair:5)
  14 cane toads
  Psyche (D:9)
  Maggie (D:6)
  4 komodo dragons
  5 polar bears
  4 hornets
  2 trolls
  13 blink frogs
  11 dream sheep
  Sigmund (D:5)
  15 wyverns
  30 yaks
  A wraith (D:9)
  7 basilisks
  2 vampire mosquitoes (D:9)
  3 steam dragons
  2 acid dragons
  4 nagas (Lair:2)
  19 water moccasins
  12 orc warriors
  An ice beast (D:6)
  A sky beast (D:7)
  10 black bears
  An ogre (D:6)
  14 wolves
  A phantom (D:5)
  3 centaurs
  A kobold brigand (D:7)
  7 bullfrogs
  A water moccasin zombie (D:3)
  A scorpion (D:5)
  10 wights (D:8)
  3 howler monkeys (D:10)
  4 electric eels
  3 orc priests
  7 hounds
  4 iguanas (D:6)
  4 orc wizards
  2 sleepcaps
  A hell rat (Lair:5)
  A howler monkey zombie (D:3)
  6 adders
  9 gnolls
  A shadow imp (D:6)
  A white imp (D:5)
  3 ufetubi
  2 worms
  6 dart slugs
  36 orcs
  9 ball pythons
  9 endoplasms
  4 giant cockroaches
  20 goblins
  13 hobgoblins
  4 jackals (D:3)
  8 kobolds
  6 quokkas
  5 bats
  5 frilled lizards
  4 rats (D:2)
421 creatures vanquished.

Notes
Turn   | Place    | Note
-------+----------+-------------------------------------------
     0 | D:1      | Aldia the Troll Chaos Knight began the quest for the Orb.
     0 | D:1      | Reached XP level 1. HP: 22/22 MP: 0/0
   201 | D:1      | XOM: divination: detect creatures
   284 | D:1      | XOM: silly message
   466 | D:1      | Reached XP level 2. HP: 29/29 MP: 1/1
   820 | D:2      | XOM: silly message
   825 | D:2      | XOM: potion effect (berserk rage)
   830 | D:2      | Reached XP level 3. HP: 36/36 MP: 2/2
   945 | D:2      | XOM: silly message
  1015 | D:2      | Reached skill level 4 in Unarmed Combat
  1074 | D:2      | Found a shimmering altar of Xom.
  1135 | D:2      | XOM: silly message
  1179 | D:2      | Reached XP level 4. HP: 44/44 MP: 3/3
  1305 | D:2      | XOM: divination: magic mapping
  1399 | D:3      | Found an ornate altar of the Wu Jian Council.
  1416 | D:3      | Fell from the grace of Xom
  1416 | D:3      | Became a worshipper of the Wu Jian Council
  1569 | D:3      | Found a stormy altar of Qazlal.
  1786 | D:3      | Reached XP level 5. HP: 53/53 MP: 4/4
  1787 | D:3      | Found a basalt altar of Yredelemnul.
  1974 | D:4      | Got the Lessons on Exothermic Contamination
  1990 | D:4      | Reached skill level 5 in Unarmed Combat
  2035 | D:4      | Reached * piety under Wu Jian
  2051 | D:4      | Noticed a black bear
  2126 | D:4      | Killed a black bear
  2127 | D:4      | Reached XP level 6. HP: 60/61 MP: 5/5
  2168 | D:4      | Found a hazy altar of Hepliaklqana.
  2185 | D:4      | Identified the +9 spear of the Many Planets {flame, rC+ rN+
                  | rCorr Int+4}
  2433 | D:4      | Found an ancient bone altar of Kikubaaqudgha.
  2492 | D:5      | Entered Level 5 of the Dungeon
  2506 | D:5      | Noticed Sigmund
  2527 | D:5      | Killed Sigmund
  2528 | D:5      | Reached skill level 6 in Unarmed Combat
  2528 | D:5      | Reached XP level 7. HP: 70/70 MP: 6/6
  2571 | D:5      | XOM: swap monsters
  2582 | D:5      | Found a bloodstained altar of Trog.
  2706 | D:5      | XOM: give mutations
  2706 | D:5      | Gained mutation: You are strong-willed. (Will+) [Xom's
                  | mischief]
  2706 | D:5      | Gained mutation: You have hidden genetic defects. [Xom's
                  | mischief]
  2706 | D:5      | Gained mutation: You are vulnerable to cold. (rC-) [Xom's
                  | mischief]
  2706 | D:5      | Lost mutation: You are vulnerable to cold. (rC-) [Xom's
                  | mischief]
  2782 | D:5      | Found a shimmering altar of Xom.
  2893 | D:5      | Found a glowing golden altar of the Shining One.
  2895 | D:5      | Reached ** piety under Wu Jian
  3045 | D:5      | Gained mutation: Armour fits poorly on your strangely
                  | shaped body. [hidden defects]
  3219 | D:6      | Noticed a steam dragon
  3220 | D:6      | Reached skill level 7 in Unarmed Combat
  3240 | D:5      | Gained mutation: Your magical capacity is low. (-10% MP)
                  | [hidden defects]
  3240 | D:5      | Lost mutation: You have hidden genetic defects. [hidden
                  | defects expressed]
  3259 | D:6      | Noticed Maggie
  3268 | D:6      | Killed Maggie
  3269 | D:6      | Reached XP level 8. HP: 49/79 MP: 6/6
  3331 | D:6      | Reached skill level 8 in Unarmed Combat
  3361 | D:6      | XOM: give mutations
  3361 | D:6      | Gained mutation: You occasionally shout uncontrollably at
                  | your foes. [Xom's mischief]
  3361 | D:6      | Gained mutation: You are agile. (Dex +4, Str/Int -1) [Xom's
                  | mischief]
  3372 | D:6      | Found a staircase to the Ecumenical Temple.
  3377 | Temple   | Entered the Ecumenical Temple
  3411 | D:6      | Reached skill level 5 in Fighting
  3452 | D:6      | Reached skill level 5 in Dodging
  3477 | D:6      | Found an opulent altar of Gozag.
  3890 | D:7      | Found a sparkling altar of Nemelex Xobeh.
  3912 | D:7      | Noticed a hornet
  3913 | D:7      | Found a flagged portal.
  3922 | D:7      | Killed a hornet
  3923 | D:7      | Reached skill level 9 in Unarmed Combat
  3923 | D:7      | Reached XP level 9. HP: 75/88 MP: 7/7
  3952 | Bailey   | Entered a bailey
  3995 | Bailey   | Reached *** piety under Wu Jian
  4020 | Bailey   | Reached skill level 1 in Throwing
  4030 | Bailey   | Noticed an orc knight
  4045 | Bailey   | Killed an orc knight
  4199 | Bailey   | Noticed an orc warlord
  4219 | Bailey   | Reached skill level 10 in Unarmed Combat
  4225 | Bailey   | Killed an orc warlord
  4226 | Bailey   | Reached XP level 10. HP: 73/100 MP: 8/8
  4323 | D:7      | Reached skill level 5 in Throwing
  4323 | D:7      | Reached skill level 12 in Unarmed Combat
  4323 | D:7      | Reached XP level 11. HP: 110/110 MP: 8/8
  4386 | D:7      | Found Muruss's General Store.
  4448 | D:7      | XOM: silly message
  4465 | D:7      | Reached **** piety under Wu Jian
  4763 | D:7      | Found a white marble altar of Elyvilon.
  4807 | D:7      | Noticed Joseph
  4811 | D:7      | Killed Joseph
  5008 | D:7      | XOM: silly message
  5019 | D:7      | XOM: silly message
  5076 | D:8      | XOM: silly message
  5214 | D:8      | Reached skill level 13 in Unarmed Combat
  5233 | D:8      | Found a staircase to the Lair.
  5440 | D:8      | XOM: polymorph butterfly -> jackal
  5559 | D:8      | Noticed a two-headed ogre
  5568 | D:8      | Killed a two-headed ogre
  5571 | D:8      | XOM: noise
  5824 | D:8      | XOM: noise
  5879 | D:8      | XOM: summons 2 friendly demons
  6094 | D:9      | Found Kaklan's Armour Shop.
  6165 | D:7      | Bought a scroll of fear for 64 gold pieces
  6165 | D:7      | Bought a scroll of teleportation for 48 gold pieces
  6229 | D:9      | Bought a +0 kite shield for 58 gold pieces
  6302 | D:9      | Reached skill level 1 in Shields
  6517 | D:9      | Noticed Psyche
  6526 | D:9      | Killed Psyche
  6574 | D:9      | Found a staircase to the Orcish Mines.
  6818 | D:10     | Entered Level 10 of the Dungeon
  6842 | D:10     | Noticed Erica
  6849 | D:10     | Killed Erica
  6849 | D:10     | Reached ***** piety under Wu Jian
  6850 | D:10     | Reached XP level 12. HP: 95/122 MP: 9/9
  6851 | D:10     | Noticed a boulder beetle
  6854 | D:10     | Noticed a boulder beetle
  6872 | D:9      | Killed a boulder beetle
  6873 | D:9      | Reached skill level 14 in Unarmed Combat
  6957 | Lair:1   | Entered Level 1 of the Lair of Beasts
  7124 | Lair:1   | XOM: god gift: scroll of enchant weapon
  7194 | Lair:1   | XOM: cloud trail
  7652 | Lair:1   | Noticed a boulder beetle
  7670 | Lair:1   | Killed a boulder beetle
  8074 | Lair:2   | XOM: enchant monster (bad)
  8106 | Lair:2   | XOM: noise
  8141 | Lair:2   | Noticed a four-headed hydra
  8148 | Lair:2   | Killed a seven-headed hydra
  8252 | Lair:2   | Found a staircase to the Snake Pit.
  8263 | Lair:2   | Noticed Gastronok
  8282 | Lair:2   | HP: 4/124 [Gastronok (18)]
  8296 | Lair:2   | Killed Gastronok
  8297 | Lair:2   | Reached skill level 5 in Shields
  8547 | Lair:2   | Found a staircase to the Shoals.
  8558 | Lair:2   | Reached skill level 15 in Unarmed Combat
  8610 | Lair:2   | Reached skill level 10 in Fighting
  8822 | Lair:2   | XOM: noise
  9084 | Lair:2   | XOM: draining
  9084 | Lair:2   | Was forgiven by Xom
  9121 | Lair:3   | Noticed Sonja
  9142 | Lair:3   | Killed Sonja
  9143 | Lair:3   | Reached XP level 13. HP: 86/121 MP: 10/10
  9275 | Lair:3   | Noticed Nergalle
  9283 | Lair:3   | Killed Nergalle
 10207 | Lair:4   | Found a transporter.
 10441 | Lair:4   | Found a transporter.
 10441 | Lair:4   | Noticed a tentacled starspawn
 10450 | Lair:4   | Found a one-way gate to the infinite horrors of the Abyss.
 10453 | Lair:4   | Noticed Fifowuza's ghost (journeyman DrTm)
 10707 | Lair:5   | Entered Level 5 of the Lair of Beasts
 11166 | Lair:5   | Reached ****** piety under Wu Jian
 11499 | Lair:5   | Reached XP level 14. HP: 83/149 MP: 11/11
 11704 | Lair:5   | Reached skill level 10 in Shields
 11893 | Lair:5   | Found a staircase to the Slime Pits.
 12078 | Lair:5   | HP: 6/150 [catoblepas (7)]
 12079 | Lair:5   | Slain by a death yak

Illustrated notes

Levels and vault maps discovered:
D:1:      beargit_arrival_diablo_church, layout_loops_ring
D:2:      layout_rooms, basic_altar, minmay_randomly_rotated_circles
D:3:      layout_rooms, lemuel_zombie_altar_yredelemnul,
          nicolae_qazlal_general_emergency, nicolae_wu_jian_wuxing_cycle
D:4:      minmay_angry_zag, layout_basic,
          mainiacjoe_overflow_concentric_impassable,
          mainiacjoe_overflow_brackets
D:5:      layout_loops_ring, mainiacjoe_overflow_six_doors_small,
          mainiacjoe_overflow_cross_hatched, mainiacjoe_overflow_24_doors,
          eino_tiny_chamber, uniq_sigmund
D:6:      layout_rooms, kennysheep_mini, minmay_temple_entry_drinking_statues,
          st_stairs_10, minivault_26, hangedman_decor_opposing, corexii_shack,
          uniq_maggie
D:7:      layout_basic, mainiacjoe_overflow_paths, kennysheep_mini_moat,
          enter_bailey_5, minivault_23, nicolae_zen_rock_garden,
          nicolae_take_the_stairs, uniq_joseph
D:8:      layout_loops_corners, erik_lair_island
D:9:      layout_loops_ring, orc_0_dummy, serial_shops,
          nicolae_shop_tiny_real_fake_doors, minmay_misc_feat_hallway,
          uniq_psyche
D:10:     layout_loops_cross, billiards_dpeg, uniq_erica, uniq_snorg,
          uniq_amaemon
Temple:   minmay_freezing_vapour_temple
Lair:1:   layout_cave_pods, lemuel_fruit_tree
Lair:2:   beast_lair_carwin_large_3, layout_cave_pods,
          nicolae_shoals_entry_roost, minmay_snake_entry_guardpost_small,
          chequers_serial_rivers_marsh, uniq_gastronok
Lair:3:   layout_gridlike, minivault_25, gammafunk_lair_bear_cave, uniq_sonja,
          uniq_nergalle
Lair:4:   layout_roguey, gammafunk_ghost_abyssal_escape, grunt_megastairs_3
Lair:5:   hangedman_lair_tendril_chambers, layout_regular_city,
          hangedman_lair_in_review, dpeg_slime_entry_corner,
          infiniplex_staircase_pool_2

Skill      XL: |  1  2  3  4  5  6  7  8  9 10 11 12 13 14 |
---------------+-------------------------------------------+-----
Dodging        | 2 3 4 5 6 7 |  7.0
Unarmed Combat | 4 5 6 7 9 10 12 13 15 | 15.0
Fighting       | 3 4 5 6 7 8 10 12 | 12.4
Throwing       | 3 5 6 |  6.0
Shields        | 2 6 9 10 | 10.2

Action                     |  1- 3 |  4- 6 |  7- 9 | 10-12 | 13-15 || total
---------------------------+-------+-------+-------+-------+-------++-------
  Melee: Unarmed           |    94 |   122 |   211 |   430 |   391 ||  1248
         Punch             |     1 |     1 |     7 |    14 |       ||    23
         Broad axe         |       |       |       |       |     3 ||     3
  Throw: Large rock        |       |       |       |       |     2 ||     2
 Invoke: Serpent's Lash    |       |       |     1 |     3 |     2 ||     6
Ability: Lunge             |       |    16 |    18 |    29 |    22 ||    85
         Whirlwind         |       |       |     2 |     6 |     8 ||    16
  Evoke: Piece from Xom's  |       |       |     1 |       |       ||     1
         Wand              |       |       |       |       |     1 ||     1
         Phial of floods   |       |       |       |       |     1 ||     1
    Use: Scroll            |       |    15 |       |     5 |     2 ||    22
         Potion            |       |       |     5 |     9 |       ||    14
   Stab: Sleeping          |       |     2 |     2 |       |     4 ||     8
         Confused          |       |       |     1 |       |       ||     1
         Distracted        |       |       |       |     1 |       ||     1
 Armour: Robe              |    33 |    27 |    35 |    99 |    80 ||   274
  Dodge: Dodged            |    44 |    45 |    85 |   203 |   170 ||   547
         Repelled          |       |       |     1 |     1 |       ||     2
  Block: Kite shield       |       |       |       |   101 |   220 ||   321
